 Dungeon Crawl Stone Soup version 0.31.0-9-g3a7656b989 (webtiles) character file.

Game seed: 7452768190858829008

87 qw the Shooter (level 4, -1/25 HPs)
             Began as a Deep Elf Hunter on Feb 2, 2024.
             Slain by a cerulean imp
             ... wielding a +0 spear
             ... summoned by Natasha
              (4 damage)
             ... on level 2 of the Dungeon.
             The game lasted 00:00:04 (1205 turns).

qw the Shooter (Deep Elf Hunter)                    Turns: 1205, Time: 00:00:04

Health: -1/25      AC:  5    Str:  8    XL:     4   Next: 28%
Magic:  6/6        EV: 11    Int: 14    God:
Gold:   51         SH:  0    Dex: 24    Spells: 3/3 levels left

rFire   . . .        a - +0 shortbow
rCold   . . .        (shield currently unavailable)
rNeg    . . .        f - +0 ring mail
rPois   .            (no helmet)
rElec   .            (no cloak)
rCorr   .            (no gloves)
SInv    .            (no boots)
Will    .....        (no amulet)
Stlth   ++           h - +6 ring of dexterity
HPRegen 0.24/turn    (no ring)
MPRegen 0.10/turn

%: no passive effects
@: about to teleport
A: mutation resistance 1, weak 1
a: no special abilities


You were on level 2 of the Dungeon.
You visited 1 branch of the dungeon, and saw 2 of its levels.

You collected 51 gold pieces.


Innate Abilities, Weirdness & Mutations

You are somewhat resistant to further mutation.
You are weak. (Str -2)


   Skills:
 - Level 1.5 Fighting
 + Level 7.7 Ranged Weapons
 - Level 2.4 Dodging
 - Level 1.2 Stealth


You had 3 spell levels left.
You didn't know any spells.
Your spell library was empty.

Inventory:

Hand Weapons
 a - a +0 shortbow (weapon)
Armour
 e - a +0 cloak
 f - a +0 ring mail (worn)
Jewellery
 h - a +6 ring of dexterity (left hand)
Scrolls
 b - a scroll of poison {unknown}
 c - a scroll of teleportation
Potions
 d - a potion of curing {unknown}

Dungeon Overview and Level Annotations

Branches:
Dungeon (2/15)

Altars:

Annotations:
D:2 Natasha


Message History

You shoot an arrow. The arrow closely misses Natasha.
You shoot an arrow. The arrow misses Natasha.
You shoot an arrow. The arrow hits Natasha.
Natasha is lightly wounded.
Natasha claws you!
You shoot an arrow.
The arrow hits Natasha but does no damage.
Natasha is lightly wounded.
Natasha wildly gestures.
You feel disoriented. Natasha claws you.
You shoot an arrow. The arrow closely misses Natasha.
Natasha stares at you and mumbles some strange words.
You resist with some effort. Natasha barely misses you.
You shoot an arrow. The arrow hits Natasha!
Natasha is heavily wounded.
Natasha closely misses you.
You shoot an arrow. The arrow barely misses Natasha.
Natasha claws you.
You shoot an arrow. The arrow hits Natasha.
Natasha is severely wounded.
Natasha mumbles some strange words.
You shoot an arrow. The arrow misses Natasha.
Natasha claws you! The cerulean imp barely misses you.
You shoot an arrow. The arrow completely misses Natasha.
Natasha closely misses you.
The cerulean imp hits you from afar with a +0 spear.
Natasha stares at you and mumbles some strange words.
You resist with some effort.
You shoot an arrow. The arrow closely misses Natasha.
The cerulean imp hits you from afar with a +0 spear.
Natasha claws you.
1204 ||| READING 2 scrolls of teleportation.
As you read the scroll of teleportation, it crumbles to dust.
You feel strangely unstable.
The cerulean imp hits you but does no damage.
Natasha claws you.
You shoot an arrow. The arrow closely misses Natasha.
The cerulean imp hits you from afar with a +0 spear.
You die...

#####...#.# ##.#.#>..##.#.######.
..........# #.###.........# #.
#######.#.# ##.#.#...##.### #.
#.#.# ##.###.###.# #.
#######.#.#####.###.###.# #.
..............<......##.# #.
.######..........##..##.########.
.# ###%.......h5............#.
.#### #.######@######..........
....# #.# #.# ########.#. .##.#
#.# #.# #.#% .##.#####.# #.# #.#.
........ .# #.# #.#. .##.#### #.#
#.#> >##.# #.# #.#. ....#
#.######## #.#. #..## #........#
#...


You could see Natasha and a cerulean imp (summoned).

Vanquished Creatures
  Natasha (D:2)
  2 adders (D:2)
  A dart slug (D:1)
  3 ball pythons (D:1)
  2 bats (D:1)
  3 endoplasms
  3 giant cockroaches
  5 hobgoblins
  4 jackals (D:1)
  2 quokkas (D:2)
  3 frilled lizards
  6 kobolds
  4 rats
39 creatures vanquished.

Notes
Turn   | Place    | Note
-------+----------+-------------------------------------------
     0 | D:1      | qw the Deep Elf Hunter began the quest for the Orb.
     0 | D:1      | Reached XP level 1. HP: 12/12 MP: 3/3
     0 | D:1      | 0 ||| qw: Version: 0.3-a-155-g5e7d8dd
     0 | D:1      | 0 ||| qw: Game counter: 887
     0 | D:1      | 0 ||| qw: Melee chars always use a shield: true
     0 | D:1      | 0 ||| qw: God list: Okawaru
     0 | D:1      | 0 ||| qw: Allow faded altars: false
     0 | D:1      | 0 ||| qw: Do Orc after clearing Dungeon:15 true
     0 | D:1      | 0 ||| qw: Do second Lair branch before Depths: true
     0 | D:1      | 0 ||| qw: Lair rune preference: random
     0 | D:1      | 0 ||| qw: Goals: Normal
     0 | D:1      | 0 ||| PLANNING D:1-11
   212 | D:1      | Reached skill level 6 in Ranged Weapons
   212 | D:1      | Reached XP level 2. HP: 16/16 MP: 4/4
   399 | D:1      | 399 ||| UPGRADING to +0 ring mail.
   409 | D:1      | 409 ||| DROPPING +0 leather armour.
   410 | D:1      | 410 ||| UPGRADING to +6 ring of dexterity.
   411 | D:1      | 411 ||| READING scroll labelled KIPSIPNYFYA.
   591 | D:1      | Found a faded altar of an unknown god.
   695 | D:1      | 695 ||| DRINKING 2 viscous cyan potions.
   695 | D:1      | Gained mutation: You are vulnerable to heat. (rF-) [potion
                  | of mutation]
   695 | D:1      | Gained mutation: You have an increased reservoir of magic.
                  | (+10% MP) [potion of mutation]
   696 | D:1      | 696 ||| DRINKING potion of mutation.
   696 | D:1      | Lost mutation: You are vulnerable to heat. (rF-) [potion of
                  | mutation]
   696 | D:1      | Lost mutation: You have an increased reservoir of magic.
                  | (+10% MP) [potion of mutation]
   696 | D:1      | Gained mutation: You are weak. (Str -2) [potion of
                  | mutation]
   696 | D:1      | Gained mutation: You are somewhat resistant to further
                  | mutation. [potion of mutation]
   697 | D:1      | 697 ||| DROPPING scroll of butterflies.
   723 | D:1      | Reached XP level 3. HP: 20/20 MP: 5/5
   965 | D:2      | Noticed Natasha
   969 | D:2      | Killed Natasha
   970 | D:2      | Reached skill level 7 in Ranged Weapons
  1032 | D:2      | Reached XP level 4. HP: 25/25 MP: 6/6
  1190 | D:2      | Noticed Natasha
  1203 | D:2      | HP: 6/25 [cerulean imp/+0 spear[Natasha] (1)]
  1204 | D:2      | 1204 ||| READING 2 scrolls of teleportation.
  1205 | D:2      | Slain by a cerulean imp

Levels and vault maps discovered:
D:1:      dpeg_chamrin_arrival_tetris, layout_loops_cross,
          hellmonk_ecumenical_altar_inner_sanctum, hangedman_glass_teeth
D:2:      layout_loops_ring, kennysheep_pointless_box, uniq_natasha

Skill      XL: |  1  2  3 |
---------------+----------+-----
Ranged Weapons | 6 7 |  7.7
Fighting       | |  1.5
Dodging        | |  2.4
Stealth        | |  1.2

Action                     |  1- 3 |  4- 6 || total
---------------------------+-------+-------++-------
   Fire: Shortbow          |   104 |    25 ||   129
    Use: Potion            |     2 |       ||     2
         Scroll            |     1 |     1 ||     2
 Armour: Leather armour    |     3 |       ||     3
         Ring mail         |    20 |    13 ||    33
  Dodge: Dodged            |    30 |     7 ||    37

Table legend:
 A = Non-vault XP
 B = Vault XP
 C = Vault XP percentage of total XP
 D = Non-vault monster count
 E = Vault monster count
 F = Vault count percentage of total count
                 A         B        C        D         E       F
            +---------+---------+-------+---------+---------+-------
      Total |      90 |      35 |  28.0 |      38 |       1 |   2.6
            +---------+---------+-------+---------+---------+-------
        D:1 |      44 |       0 |   0.0 |      25 |       0 |   0.0
        D:2 |      46 |      35 |  43.2 |      13 |       1 |   7.1
            +---------+---------+-------+---------+---------+-------
